 Dungeon Crawl Stone Soup version 0.32-a0-791-gfc315c9 (webtiles) character file.

Game seed: 10505240180689378466

15421 keinz the Frost Mage (level 12, -1/104 HPs)
             Began as a Ghoul Ice Elementalist on Mar 20, 2024.
             Was an Elder of Ashenzari.
             Slain by Nessos the redback (7 damage)
             ... on level 3 of the Lair of Beasts.
             The game lasted 00:25:23 (8969 turns).

keinz the Frost Mage (Ghoul Ice Elementalist)       Turns: 8969, Time: 00:25:24

Health: -1/104     AC:  6    Str: 13    XL:     12   Next: 26%
Magic:  35/35      EV: 13    Int: 18    God:    Ashenzari [****..]
Gold:   568        SH:  0    Dex: 11    Spells: 9/31 levels left

rFire   + . .        h - +9 sling of the Wild Blue Yonder {speed, rElec Will+ Dex+2, Range, Melee} (curse)
rCold   + . .        (no shield)
rNeg    + + +        a - +0 robe of Ashenzari's Moon {Cun, Dev} (curse)
rPois   ∞            r - +1 hat
rElec   +            z - +0 cloak "Clairvoyant Repose" {Fort, Self} (curse)
rCorr   .            y - +0 pair of gloves "Thunder Perfect Mind" {Elem, Fort} (curse)
SInv    +            A - +0 pair of boots
Will    +....        (no amulet)
Stlth   ++           c - ring of the Visionary Sky {rF+, Melee, Fort} (curse)
HPRegen 0.00/turn    x - ring of Ashenzari's Jealousy {MP+9, Cun, Elem} (curse)
MPRegen 0.24/turn

%: clarity
@: confused, ambrosia-drunk, inhibited regen
A: claws 1, cold resistance 1, negative energy resistance 3, inhibited
regeneration, torment resistance 2, devour on kill
a: Renounce Religion, Curse Item, Shatter the Chains


You were on level 3 of the Lair of Beasts.
You worshipped Ashenzari.
Ashenzari was greatly pleased with you.
You visited 3 branches of the dungeon, and saw 13 of its levels.

You collected 568 gold pieces.

Inventory:

Hand Weapons
 h - the cursed +9 sling of the Wild Blue Yonder (weapon) {speed, rElec Will+ Dex+2, Range, Melee}
   (You found it on level 3 of the Dungeon)

   Dex+2:     It affects your dexterity (+2).
   rElec:     It insulates you from electricity.
   Will+:     It increases your willpower.
   It has a curse which improves the following skills: Ranged Combat: Ranged
   Weapons and Throwing.
   Melee Combat: Short Blades, Long Blades, Axes, Maces & Flails, Polearms,
   Staves and Unarmed Combat.
Armour
 a - the cursed +0 robe of Ashenzari's Moon (worn) {Cun, Dev}

   It has a curse which improves the following skills: Cunning: Dodging and
   Stealth.
   Devices:   Evocations.
 r - a +1 hat (worn)
 y - the cursed +0 pair of gloves "Thunder Perfect Mind" (worn) {Elem, Fort}
   (You found it on level 8 of the Dungeon)

   It has a curse which improves the following skills: Elements: Fire Magic, Ice
   Magic, Air Magic and Earth Magic.
   Fortitude: Armour and Shields.
 z - the cursed +0 cloak "Clairvoyant Repose" (worn) {Fort, Self}
   (You found it on level 1 of the Lair of Beasts)

   It has a curse which improves the following skills: Fortitude: Armour and
   Shields.
   Introspection: Fighting and Spellcasting.
 A - a +0 pair of boots (worn)
Jewellery
 c - the cursed ring of the Visionary Sky (left hand) {rF+, Melee, Fort}
   (You found it on level 2 of the Dungeon)

   [ring of protection from fire]

   rF+:       It protects you from fire.
   It has a curse which improves the following skills: Melee Combat: Short
   Blades, Long Blades, Axes, Maces & Flails, Polearms, Staves and Unarmed
   Combat.
   Fortitude: Armour and Shields.
 x - the cursed ring of Ashenzari's Jealousy (right hand) {MP+9, Cun, Elem}
   (You found it on level 8 of the Dungeon)

   [ring of magical power]

   MP+9:      It affects your magic capacity (+9).
   It has a curse which improves the following skills: Cunning: Dodging and
   Stealth.
   Elements:  Fire Magic, Ice Magic, Air Magic and Earth Magic.
Wands
 k - a wand of warping (12)
 q - a wand of polymorph (3)
 v - a wand of flame (12)
Scrolls
 e - a scroll of enchant weapon
 g - 3 scrolls of teleportation
 j - 11 scrolls of identify
 n - a scroll of amnesia
 o - 3 scrolls of immolation
 p - 4 scrolls of revelation
 s - 2 scrolls of blinking
 t - 2 scrolls of fear
 w - a scroll of poison
Potions
 b - a potion of magic
 d - a potion of brilliance
 f - 2 potions of mutation
 l - 3 potions of lignification
 m - 2 potions of attraction
 C - a potion of enlightenment


   Skills:
 + Level 7.3(9.2) Fighting
 - Level 5.4(8.0) Dodging
 - Level 7.4(10.2) Stealth
 + Level 8.1(10.0) Spellcasting
 - Level 5.1 Conjurations
 - Level 10.8(13.5) Ice Magic
 + Level 5.7(8.4) Earth Magic
 - Level 5.6 Alchemy


You had 9 spell levels left.
You knew the following spells:

 Your Spells              Type           Power      Damage    Failure   Level
a - Freeze                Ice            100%       1d10      1%          1
b - Frozen Ramparts       Ice            100%       1d16      1%          3
c - Summon Ice Beast      Ice/Summ       33%        N/A       1%          3
d - Brom's Barrelling Bo  Conj/Erth      33%        2d5       4%          4
e - Dispel Undead         Necr           9%         3d8       61%         4
f - Fulminant Prism       Conj/Alch      14%        3d9       9%          4
g - Stone Arrow           Conj/Erth      66%        3d11      1%          3

Your spell library contained the following spells:

 Spells                   Type           Power      Damage    Failure   Level
 Sandblast                Erth           78%        2d17      1%          1
 Ozocubu's Armour         Ice            55%        N/A       1%          3
 Cigotuvi's Dreadful Rot  Necr/Alch/Air  32%        N/A       5%          2
 Lesser Beckoning         Tloc           18%        N/A       12%         2
 Volatile Blastmotes      Fire/Tloc      18%        2d11      22%         3
 Gell's Gravitas          Tloc           9%         N/A       24%         3
 Teleport Other           Tloc           9%         N/A       24%         3
 Iskenderun's Mystic Bla  Conj/Tloc      18%        2d6       28%         4
 Martyr's Knell           Necr/Summ      9%         N/A       61%         4


Dungeon Overview and Level Annotations

Branches:
Dungeon (9/15)             Temple (1/1) D:4            Lair (3/5) D:8
 Spider (0/4) Lair:3
  Swamp: Lair:2-3    Shoals: Lair:2-3       Orc: D:9-12

Altars:
Ashenzari
Cheibriados
Dithmenos
Fedhas
Gozag
Hepliaklqana
Kikubaaqudgha
Makhleb
Nemelex Xobeh
Okawaru
Qazlal
Ru
Sif Muna
Trog
Uskayaw
Vehumet
Wu Jian
Xom
Yredelemnul

Shops:
D:8 !

Annotations:
D:1 1 transporter
D:4 Dowan
D:8 4 transporters
Lair:2 Urug
Lair:3 Amaemon; Nessos; aor's ghost, journeyman OpMo


Innate Abilities, Weirdness & Mutations

You are immune to poison.
You have sharp fingernails.
Your flesh is cold resistant. (rC+)
You are immune to negative energy. (rN+++)
You do not regenerate when monsters are visible.
You are immune to unholy pain and torment.
You thrive by killing the living.


Message History

Aiming: Polymorph
Press: ? - help, Shift-Dir - straight line, f/p - Nessos
Aim: Nessos, wearing a +2 barding (lightly wounded, fast, will become a redback, a tarantella, or a swamp worm, chance to affect: 49%) Nessos resists with some effort.
Nessos wields a +1 longbow of flaming.
It bursts into flame!
Nessos shoots an arrow.
The arrow hits you! The arrow burns you.
Nessos shoots an arrow.
The arrow misses you.
Aiming: Polymorph
Press: ? - help, Shift-Dir - straight line, f/p - Nessos
Aim: Nessos, wielding a +1 longbow of flaming and wearing a +2 barding (lightly wounded, fast, will become a redback, a tarantella, or a swamp worm, chance to affect: 49%) Nessos resists with some effort.
Nessos shoots an arrow.
The arrow hits you!! The arrow burns you.
Nessos shoots an arrow.
The arrow hits you!!
* * * LOW HITPOINT WARNING * * *
The arrow burns you.
* * * LOW HITPOINT WARNING * * *
Aiming: Polymorph
Press: ? - help, Shift-Dir - straight line, f/p - Nessos
Aim: Nessos, wielding a +1 longbow of flaming and wearing a +2 barding (lightly wounded, fast, will become a redback, a tarantella, or a swamp worm, chance to affect: 49%) Nessos resists with some effort.
Nessos unwields a +1 longbow of flaming.
It stops flaming.
Nessos hits you!
* * * LOW HITPOINT WARNING * * *
Nessos barely misses you.
Unknown command.
Aiming: Polymorph
Press: ? - help, Shift-Dir - straight line, f/p - Nessos
Aim: Nessos, wearing a +2 barding (lightly wounded, fast, will become a redback, a tarantella, or a swamp worm, chance to affect: 49%) Nessos evaporates and reforms as a redback!
Nessos misses you.
Unknown command.
Unknown command.
Unknown command.
You are confused.
You feel invigorated. Nessos bites you!
* * * LOW HITPOINT WARNING * * *
You are too confused!
Unknown command.
You are too confused!
Unknown command.
You bump into the rock wall.
Nessos bites you!
You die...

***,,,,,, ***,*,,,,,, *
*,*,,,,,,,, ,* ##*
**,,**,,,,, ,,
***.##**,,,,,..,, ,,
*,,,,...,,,,,,.,,, ,,
,,.,**..,,*,,.,,,, ,,
,,,,,.c.###.###*.#,,,,
*,,,**,,..#c.#.#@##.##..,
#..,**##...##..s.#......,
#.#**##......†>†.†...†..,
..####......#....#..###.,
..#.#.....##.#.#.##.# *,*
.#........###...##*.##*,,
.P.........##...##..P#,*,
....................##*,,
................#####,,,,


You could see Nessos the redback.

Vanquished Creatures
  Gastronok (Lair:2)
  A hydra (Lair:2)
  A catoblepas (Lair:2)
  An elephant (Lair:3)
  8 cane toads
  3 black mambas
  An orange demon (Lair:3)
  A rime drake (Lair:2)
  7 blink frogs
  8 yaks (Lair:3)
  3 wyverns
  2 steam dragons
  18 water moccasins
  An orc warrior (D:6)
  A sky beast (D:7)
  3 ice beasts
  A black bear (D:7)
  2 ogres (D:6)
  5 wolves (Lair:1)
  A centaur (D:6)
  3 kobold brigands
  6 bullfrogs
  8 scorpions
  2 howler monkeys
  5 hounds
  An orc priest (D:4)
  A bombardier beetle (D:6)
  A gnoll bouda (D:7)
  4 jellies
  3 sleepcaps
  5 iguanas
  6 orc wizards
  4 gnolls (D:7)
  8 adders
  2 white imps
  6 ribbon worms
  2 dart slugs
  18 orcs
  6 endoplasms
  3 giant cockroaches
  5 goblins
  5 hobgoblins
  3 jackals (D:2)
  4 quokkas
  6 ball pythons
  3 bats
  A frilled lizard (D:3)
  14 kobolds
204 creatures vanquished.

Vanquished Creatures (collateral kills)
  A black mamba (Lair:2)
  A wyvern (Lair:2)
  A yak (Lair:3)
  A basilisk (Lair:2)
4 creatures vanquished.

Vanquished Creatures (others)
  9 fulminant prisms
9 creatures vanquished.

Grand Total: 217 creatures vanquished

Notes
Turn   | Place    | Note
-------+----------+-------------------------------------------
     0 | D:1      | keinz the Ghoul Ice Elementalist began the quest for the
                  | Orb.
     0 | D:1      | Reached XP level 1. HP: 14/14 MP: 3/3
   141 | D:1      | Reached XP level 2. HP: 13/20 MP: 3/5
   535 | D:2      | Reached XP level 3. HP: 21/26 MP: 2/6
   620 | D:2      | Reached skill level 5 in Ice Magic
   898 | D:2      | Found a radiant altar of Vehumet.
  1087 | D:2      | Learned a level 3 spell: Frozen Ramparts
  1091 | D:2      | Learned a level 3 spell: Summon Ice Beast
  1493 | D:3      | Identified the +9 sling of the Fray {speed, rElec Will+
                  | Dex+2}
  1600 | D:3      | Reached XP level 4. HP: 33/33 MP: 8/8
  2008 | D:4      | Reached XP level 5. HP: 26/38 MP: 5/9
  2048 | D:4      | Found a staircase to the Ecumenical Temple.
  2059 | Temple   | Entered the Ecumenical Temple
  2071 | Temple   | Became a worshipper of Ashenzari the Shackled
  2235 | D:4      | Reached skill level 6 in Ice Magic
  2282 | D:4      | You fall into a shaft and drop 1 floor!
  2282 | D:5      | Entered Level 5 of the Dungeon
  2401 | D:5      | Reached XP level 6. HP: 45/45 MP: 7/11
  2586 | D:4      | Noticed Dowan
  2823 | D:5      | Noticed a water moccasin
  2828 | D:5      | Killed a water moccasin
  2829 | D:5      | Reached skill level 7 in Ice Magic
  2829 | D:5      | Reached XP level 7. HP: 20/50 MP: 8/14
  3448 | D:6      | Reached skill level 5 in Spellcasting
  3481 | D:6      | Found a basalt altar of Yredelemnul.
  3482 | D:6      | Found an ancient bone altar of Kikubaaqudgha.
  3483 | D:6      | Found a burning altar of Makhleb.
  3527 | D:6      | Reached skill level 8 in Ice Magic
  3630 | D:6      | Reached XP level 8. HP: 34/57 MP: 10/16
  3821 | D:6      | Reached * piety under Ashenzari
  4055 | D:6      | Reached skill level 9 in Ice Magic
  4423 | D:7      | Reached XP level 9. HP: 62/62 MP: 14/19
  4436 | D:7      | Reached skill level 10 in Ice Magic
  5078 | D:8      | Reached ** piety under Ashenzari
  5085 | D:8      | Found a hazy altar of Hepliaklqana.
  5103 | D:8      | Found a transporter.
  5106 | D:8      | Found a transporter.
  5108 | D:8      | Found a transporter.
  5239 | D:8      | Found Xerheog's Distillery.
  5256 | D:8      | Found a staircase to the Lair.
  5298 | D:8      | Found a stormy altar of Qazlal.
  5392 | D:8      | Found a transporter.
  5740 | Lair:1   | Entered Level 1 of the Lair of Beasts
  5746 | Lair:1   | Reached skill level 1 in Fighting
  5802 | Lair:1   | Reached *** piety under Ashenzari
  5851 | Lair:1   | Noticed a cane toad
  5855 | Lair:1   | Noticed a black mamba
  5856 | Lair:1   | Killed a cane toad
  5860 | Lair:1   | Killed a black mamba
  5861 | Lair:1   | Reached XP level 10. HP: 77/77 MP: 22/22
  6032 | Lair:1   | Reached skill level 5 in Stealth
  6201 | Lair:1   | Noticed a cane toad
  6207 | Lair:1   | Killed a cane toad
  6269 | Lair:1   | Reached skill level 5 in Fighting
  6317 | Lair:1   | Found the +8 whip "Snakebite" {venom, curare, rPois}
  6380 | Lair:1   | Noticed a cane toad
  6386 | Lair:1   | Killed a cane toad
  6387 | Lair:1   | Reached skill level 5 in Dodging
  6476 | Lair:1   | Noticed a cane toad
  6485 | Lair:1   | Killed a cane toad
  6548 | Lair:1   | Learned a level 4 spell: Fulminant Prism
  6553 | Lair:1   | Learned a level 4 spell: Dispel Undead
  6608 | Lair:1   | Noticed a cane toad
  6617 | Lair:1   | Killed a cane toad
  6618 | Lair:1   | Reached XP level 11. HP: 53/91 MP: 23/23
  6793 | Lair:1   | Reached **** piety under Ashenzari
  6978 | Lair:2   | Noticed a catoblepas
  7057 | Lair:2   | Reached skill level 1 in Alchemy
  7266 | Lair:2   | Noticed Urug
  7280 | Lair:2   | Reached skill level 1 in Conjurations
  7296 | Lair:2   | HP: 1/97 [cane toad (21)]
  7538 | Lair:2   | Noticed an eight-headed hydra
  7546 | Lair:2   | Killed an eight-headed hydra
  7628 | Lair:2   | Killed a catoblepas
  7894 | Lair:2   | Noticed Gastronok
  7916 | Lair:2   | Killed Gastronok
  8094 | Lair:2   | Reached skill level 5 in Alchemy
  8357 | Lair:3   | Noticed aor's ghost (journeyman OpMo)
  8360 | Lair:3   | Noticed Amaemon
  8394 | Lair:3   | Reached skill level 5 in Conjurations
  8442 | Lair:3   | Reached XP level 12. HP: 42/104 MP: 18/25
  8621 | Lair:3   | Learned a level 4 spell: Brom's Barrelling Boulder
  8728 | Lair:3   | Found the +3 pair of seven-league boots {Rampage+∞}
  8761 | Lair:3   | Reached skill level 5 in Earth Magic
  8872 | Lair:3   | Learned a level 3 spell: Stone Arrow
  8918 | Lair:3   | Found a hole to the Spider Nest.
  8951 | Lair:3   | Noticed Nessos
  8967 | Lair:3   | Nessos changed into Nessos the redback
  8967 | Lair:3   | Noticed Nessos
  8968 | Lair:3   | HP: 2/104 [Nessos the redback (15)]
  8969 | Lair:3   | Slain by Nessos the redback

Illustrated notes

Levels and vault maps discovered:
D:1:      spicycebolla_arrival_risky_transporter, layout_basic,
          chequers_serial_rivers_room_a
D:2:      layout_loops_ring, basic_altar
D:3:      layout_loops_ring
D:4:      layout_gridville, minmay_temple_entry_tees, uniq_duvessa,
          uniq_crazy_yiuf_cottage
D:5:      layout_basic
D:6:      layout_cave_pods, chequers_temple_overflow_statue_of_worship,
          kennysheep_generic_room_16
D:7:      layout_rooms
D:8:      layout_gridville, kennysheep_mini, nicolae_qazlal_style_of_elements,
          serial_shops, nicolae_shop_statue_plus,
          chequers_serial_rivers_micro_a, nicolae_diode_quadrants
D:9:      gammafunk_jiyva_shrine, layout_basic, serial_shops, shop,
          nicolae_shop_rolled_up, kennysheep_little_box,
          nicolae_shop_rolling_square, minmay_misc_feat_ornament, minivault_25
Temple:   lightli_temple_of_artemis
Lair:1:   minmay_guarded_unrand_snakebite, layout_loops_ring,
          pdpol_lair_neglected_garden
Lair:2:   layout_hall_layers, lemuel_fruit_tree, uniq_urug, uniq_gastronok
Lair:3:   layout_cave_pods, elwin_shoals_entry_rooms,
          nicolae_spider_entry_non_spiders, hellmonk_ghost_happy_afterlife,
          st_stairs_8, uniq_amaemon, uniq_nessos

Skill      XL: |  1  2  3  4  5  6  7  8  9 10 11 12 |
---------------+-------------------------------------+-----
Spellcasting   | 2 3 4 5 6 8 |  8.1
Ice Magic      | 5 6 7 8 9 10 | 10.8
Dodging        | 3 5 |  5.4
Fighting       | 3 6 7 |  7.3
Stealth        | 4 7 |  7.4
Alchemy        | 5 |  5.6
Conjurations   | 5 |  5.1
Earth Magic    | 2 5 |  5.7

Action                     |  1- 3 |  4- 6 |  7- 9 | 10-12 || total
---------------------------+-------+-------+-------+-------++-------
  Melee: Unarmed           |     8 |       |       |       ||     8
   Fire: Sling             |    66 |    76 |   200 |   234 ||   576
  Throw: Throwing net      |       |       |       |     2 ||     2
   Cast: Freeze            |    34 |     1 |     6 |    24 ||    65
         Frozen Ramparts   |       |     6 |    18 |    32 ||    56
         Summon Ice Beast  |       |       |       |     9 ||     9
         Fulminant Prism   |       |       |       |     9 ||     9
         Brom's Barrelling |       |       |       |     5 ||     5
 Invoke: Curse Item        |       |     1 |     4 |     1 ||     6
  Evoke: Wand              |       |       |       |    11 ||    11
    Use: Potion            |       |       |       |     3 ||     3
 Armour: Robe              |    29 |     9 |    23 |   101 ||   162
  Dodge: Dodged            |    30 |     1 |    37 |    68 ||   136

Table legend: (Time is in decaauts)
 A = Elapsed time spent in this place.
 B = Non-inter-level travel time spent in this place.
 C = Inter-level travel time spent in this place.
 D = Time resting spent in this place.
 E = Time spent auto-exploring this place.
 F = Levels seen in this place.
 G = Mean time per level.
                   A        B        C        D        E       F      G
               +--------+--------+--------+--------+--------+-----+--------+
         Total |   8960 |   8656 |    304 |    725 |   6494 |  13 |  689.2 |
       Dungeon |   5725 |   5503 |    222 |     42 |   4698 |   9 |  636.1 |
        Temple |     20 |     13 |      7 |      0 |      0 |   1 |   20.0 |
          Lair |   3214 |   3140 |     74 |    683 |   1796 |   3 | 1071.3 |
               +--------+--------+--------+--------+--------+-----+--------+

Top non-repeatable levels by time:
  Lair:1: 1596 daAuts
     D:6: 1008 daAuts
     D:5: 978 daAuts
  Lair:2: 976 daAuts
     D:2: 823 daAuts
     D:8: 744 daAuts
     D:3: 744 daAuts
  Lair:3: 641 daAuts
     D:7: 575 daAuts
     D:4: 552 daAuts
     D:1: 297 daAuts
  Temple: 20 daAuts
     D:9: 1 daAuts
